 Dungeon Sprint DCSS version 0.21.1-1-g345015f (webtiles) character file.

7 Fang the Skirmisher (level 2, 0/20 HPs)
             Began as a Gargoyle Berserker on July 18, 2018.
             Was a Believer of Trog.
             Slain by a frilled lizard (2 damage)
             ... in the Dungeon (Sprint VII: "The Pits").
             The game lasted 00:01:46 (97 turns).

Fang the Skirmisher (Gargoyle Berserker)              Turns: 97, Time: 00:01:46

Health: 0/20       AC:  5    Str: 20    XL:     2   Next: 0%
Magic:  2/2        EV: 12    Int:  7    God:    Trog [**....]
Gold:   0          SH:  0    Dex:  9    Spells: 1/1 levels left

rFire    . . .     SeeInvis .   j - +2 hand axe
rCold    . . .     Gourm    .   (no shield)
rNeg     + . .     Faith    .   b - +0 animal skin
rPois    ∞         Spirit   .   (no helmet)
rElec    +         Reflect  .   (no cloak)
rCorr    .         Harm     .   (no gloves)
MR       .....     NoTele   +   (no boots)
Stlth    +.........             (no amulet)
HPRegen  0.06/turn              (no ring)
MPRegen  0.08/turn              (no ring)

@: no status effects
A: negative energy resistance 1, electricity resistance, unbreathing,
petrification resistance, rot immunity, AC +2
a: Berserk, Trog's Hand, Burn Spellbooks, Renounce Religion


You were in the Dungeon.
You worshipped Trog.
Trog was pleased with you.
You were not hungry.

You visited 1 branch

Inventory:

Hand Weapons
 j - a +2 hand axe (weapon)
Armour
 b - a +0 animal skin (worn)
Scrolls
 i - a scroll of blinking
 k - 3 scrolls of remove curse
 l - a scroll of summoning
Potions
 a - 2 potions of invisibility
 d - a potion of curing
 e - a potion of heal wounds
 f - a potion of haste
 g - 4 potions of magic
 h - 3 potions of berserk rage
Comestibles
 c - 9 rations


   Skills:
 + Level 4.1 Fighting
 + Level 3.5 Axes
 + Level 2.4 Armour
 + Level 1.9 Dodging


You had one spell level left.
You didn't know any spells.

Dungeon Overview and Level Annotations

Branches:
Dungeon (1/1)

Altars:
Cheibriados
Dithmenos
Elyvilon
Fedhas
Gozag
Hepliaklqana
Makhleb
Nemelex Xobeh
Okawaru
Qazlal
Ru
Sif Muna
Trog
Vehumet
Wu Jian
Xom
Yredelemnul
Zin
The Shining One
Beogh
Jiyva
Lugonu


Innate Abilities, Weirdness & Mutations

You are resistant to torment.
Your stone body is resilient. (AC +2)
You are immune to poison.
You resist negative energy. (rN+)
You are resistant to electric shocks. (rElec)
You can survive without breathing.
You are immune to petrification.
You are immune to rotting.


Message History

The tomahawk hits you but does no damage.
The orc warrior moves out of view.
Things that are here:
a tomahawk; a poisoned tomahawk The orc hits you but does no damage.
Okay, then.
You closely miss the orc. You barely miss the frilled lizard. You hit the orc.
The orc closely misses you.
The frilled lizard bites you but does no damage.
The orc barely misses you.
Unknown command.
You hit the orc but do no damage.
The orc is heavily wounded.
You closely miss the frilled lizard. You closely miss the orc.
The orc barely misses you.
The orc warrior hits you from afar with a trident!!
Ouch! That really hurt!
* * * LOW HITPOINT WARNING * * *
The frilled lizard bites you.
You die...

#+#####'#####......#..
#..#..# #...†.....
#..'..# ####'#####
#..#### #.......#
#..#..# #.......#
#..#o.# #.......#
##'#So#+###...<...#
#..olo...##.......#
#((@oK...##.......#
###########.......#
#########


You could see an orc warrior, 4 orcs, a ball python, a kobold and a frilled
lizard.

Vanquished Creatures
  A bat skeleton (D)
  A giant cockroach (D)
  2 quokkas (D)
  A bat (D)
  A leopard gecko skeleton (D)
6 creatures vanquished.

Notes
Turn   | Place    | Note
-------+----------+-------------------------------------------
     0 | D        | Fang the Gargoyle Berserker began the quest for the Orb.
     0 | D        | Reached XP level 1. HP: 14/14 MP: 1/1
    28 | D        | Found a bloodstained altar of Trog.
    28 | D        | Found a deep blue altar of Sif Muna.
    28 | D        | Found a viscous altar of Jiyva.
    28 | D        | Found a hazy altar of Hepliaklqana.
    28 | D        | Found an opulent altar of Gozag.
    29 | D        | Found a glowing golden altar of the Shining One.
    29 | D        | Found a glowing silver altar of Zin.
    29 | D        | Found a basalt altar of Yredelemnul.
    29 | D        | Found a shimmering altar of Xom.
    29 | D        | Found an ornate altar of the Wu Jian Council.
    29 | D        | Found a sacrificial altar of Ru.
    29 | D        | Found a stormy altar of Qazlal.
    29 | D        | Found an iron altar of Okawaru.
    29 | D        | Found a sparkling altar of Nemelex Xobeh.
    29 | D        | Found a burning altar of Makhleb.
    29 | D        | Found a blossoming altar of Fedhas.
    29 | D        | Found a white marble altar of Elyvilon.
    29 | D        | Found a shadowy altar of Dithmenos.
    29 | D        | Found a snail-covered altar of Cheibriados.
    31 | D        | Found a radiant altar of Vehumet.
    31 | D        | Found a corrupted altar of Lugonu.
    31 | D        | Found a roughly hewn altar of Beogh.
    72 | D        | Reached ** piety under Trog
    79 | D        | Reached skill level 4 in Fighting
    88 | D        | Reached XP level 2. HP: 19/20 MP: 2/2
    94 | D        | Noticed an orc warrior
    97 | D        | Slain by a frilled lizard

Skill      XL: |  1 |
---------------+----+-----
Axes           | 3 |  3.5
Fighting       | 4 |  4.1
Armour         | |  2.4
Dodging        | |  1.9

Action                   || total
-------------------------++-------
Melee: Hand axe          ||    18
Armor: Animal skin       ||     9
Dodge: Dodged            ||    17
